[Event "III Menorca Open-A 2024"]
[Site "Ciutadella Menorca"]
[Date "2024.04.04"]
[Round "4.9"]
[White "Pichot, Alan"]
[Black "Balakrishnan, Praveen"]
[Result "1/2-1/2"]
[ECO "B40"]
[WhiteElo "2644"]
[BlackElo "2500"]
[Annotator "RC"]
[PlyCount "113"]
[EventDate "2024.04.02"]
[EventType "swiss"]
[EventCountry "ESP"]
[SourceTitle "playchess.com"]
[Source "ChessBase"]
[SourceQuality "1"]
[TimeControl "5400+30"]

1. e4 c5 2. Nf3 e6 3. d4 cxd4 4. Nxd4 Nf6 5. Nc3 Bb4 6. e5 Nd5 7. Bd2 Nxc3 8. bxc3 Bf8 9. Qg4 h5 10. Qg3 h4 11. Qg4 a6 12. Bd3 d6 13. f4 h3 14. O-O Qh4 15. Qxh4 Rxh4 16. f5 hxg2 17. Kxg2 dxe5 18. fxe6 f6 19. Nf5 Ra4 20. e7 Bxe7 21. Nxg7+ Kf7 22. Nf5 Be6 23. h4 Nd7 24. h5 e4 25. Be2 Rg8+ 26. Kh1 Bxf5 27. Rxf5 e3 28. Be1 Ne5 29. c4 Nxc4 30. Rf4 b5 31. Rd1 Ne5 32. Rxa4 bxa4 33. Bxa6 Rg5 34. Be2 Ng4 35. Bxg4 Rxg4 36. Rd3 Bc5 37. Rd5 Rc4 38. c3 Bf8 39. Kg2 Ke6 40. Rd8 Bh6 41. Rh8 Bg5 42. Kf3 Kf5 43. Rb8 Rf4+ 44. Ke2 Kg4 45. Rh8 Rf3 46. c4 Rh3 47. c5 Rh2+ 48. Kd3 Bf4 49. c6 Rxh5 50. Rxh5 Kxh5 51. Ba5 Kg4 52. Ke2 Kf5 53. c7 Bxc7 54. Bxc7 Ke4 55. Bb6 f5 56. Bxe3 f4 57. Bxf4 1/2-1/2

[Event "III Menorca Open-A 2024"]
[Site "Ciutadella Menorca"]
[Date "2024.04.04"]
[Round "4.10"]
[White "Siddharth, Jagadeesh"]
[Black "Lagarde, Maxime"]
[Result "1/2-1/2"]
[ECO "C02"]
[WhiteElo "2491"]
[BlackElo "2638"]
[Annotator "TA"]
[PlyCount "29"]
[EventDate "2024.04.02"]
[EventType "swiss"]
[EventCountry "ESP"]
[SourceTitle "playchess.com"]
[Source "ChessBase"]
[SourceQuality "1"]
[TimeControl "5400+30"]

1. e4 e6 2. d4 d5 3. e5 c5 4. c3 Ne7 5. Nf3 Nbc6 6. Na3 Nf5 7. Nc2 Qa5 (7... cxd4 $11 8. cxd4 Qb6) 8. dxc5 $16 Qc7 9. Bd3 {[%emt 0:03:55] White is better.} Bxc5 10. Bxf5 exf5 11. Qxd5 Qb6 12. O-O {[%emt 0:03:29] White is slightly better.} Be6 13. Qd3 Rd8 14. Qe2 a5 15. Be3 {[%emt 0:02:00] Weighted Error Value: White=0.06 (flawless) /Black=0.19 (very precise) .  Mistake:       	---       	Black=1      Inaccurate:     	White=1     	Black=1      OK:         	White=3     	Black=4      Best:        	White=1     	---} 1/2-1/2

[Event "III Menorca Open-A 2024"]
[Site "Ciutadella Menorca"]
[Date "2024.04.04"]
[Round "4.11"]
[White "Warmerdam, Max"]
[Black "Nogerbek, Kazybek"]
[Result "1-0"]
[ECO "C85"]
[WhiteElo "2628"]
[BlackElo "2489"]
[Annotator "TA"]
[PlyCount "117"]
[EventDate "2024.04.02"]
[EventType "swiss"]
[EventCountry "ESP"]
[SourceTitle "playchess.com"]
[Source "ChessBase"]
[SourceQuality "1"]
[TimeControl "5400+30"]

1. e4 e5 2. Nf3 Nc6 3. Bb5 a6 4. Ba4 Nf6 5. O-O Be7 6. Bxc6 dxc6 7. d3 Nd7 8. Be3 {[%emt 0:00:44] C85: Closed Ruy Lopez: Deferred Exchange Variation.} O-O 9. Nc3 Re8 10. a4 a5 11. Ne2 Bd6 12. Nd2 Nf8 13. Nc4 Ng6 14. b3 $146 ({Predecessor:} 14. Qe1 b6 15. Nxd6 cxd6 16. f4 f5 17. exf5 Bxf5 18. fxe5 Bg4 19. Nf4 Nxe5 20. Qg3 {½-½ Abdusattorov,N (2716)-Sindarov,J (2658) FIDE Grand Swiss 2023 (10)}) 14... Be6 15. Nxd6 cxd6 16. f4 exf4 17. Nxf4 d5 18. exd5 Bxd5 19. Nxd5 Qxd5 20. Qd2 c5 21. c4 Qd6 22. Qf2 f6 23. Rad1 Re5 24. d4 cxd4 25. Bxd4 Rh5 26. h3 Qc6 27. Bc3 Re8 28. Rd2 Qe4 29. Rd7 (29. Rd4 {simplifies} Qc6 30. Rfd1 Rg5 31. Rd5) 29... Qe3 {[%emt 0:09:33] [#]} (29... Ne5 $142 30. Re1 Qc6 (30... Nxd7 $2 {loses.} 31. Rxe4 Rxe4 32. Qf3 $18)) 30. Re1 $1 $16 Qxf2+ 31. Kxf2 Rb8 32. Re3 Rg5 33. Red3 Re8 (33... Nf4 $16) 34. R3d5 Rxd5 35. Rxd5 ({But not} 35. cxd5 b5 $16) 35... Nf4 36. Rxa5 Kf7 37. Rb5 Re7 38. Kf3 Ne6 39. h4 Rd7 40. Ke3 Rc7 41. g3 g6 (41... Ke8 $142 42. a5 Kd8) 42. g4 Nc5 43. Bd4 Re7+ 44. Kf3 Ne4 45. Be3 Nd6 46. Rd5 Ne8 (46... Re6 {might work better.} 47. Bc5 Ne4) 47. a5 Ng7 $2 (47... Nc7 {keeps fighting.}) 48. Bd4 h5 49. gxh5 gxh5 50. b4 Rc7 51. Rb5 Kg6 (51... Rd7 $142 52. Ke4 Re7+ 53. Kd3 Ne6) 52. Rb6 $18 Ne8 53. c5 Kf5 54. b5 Rd7 55. Be3 Ng7 56. a6 bxa6 57. c6 Rd3 58. c7 Rc3 59. Rc6 1-0

[Event "III Menorca Open-A 2024"]
[Site "Ciutadella Menorca"]
[Date "2024.04.04"]
[Round "4.12"]
[White "Xiao, Tong(Qd)"]
[Black "Murzin, Volodar"]
[Result "1/2-1/2"]
[ECO "B90"]
[WhiteElo "2484"]
[BlackElo "2632"]
[Annotator "TA"]
[PlyCount "47"]
[EventDate "2024.04.02"]
[EventType "swiss"]
[EventCountry "ESP"]
[SourceTitle "playchess.com"]
[Source "ChessBase"]
[SourceQuality "1"]
[TimeControl "5400+30"]

1. e4 c5 2. Nf3 d6 3. d4 cxd4 4. Nxd4 Nf6 5. Nc3 a6 6. Qd3 Nbd7 7. a4 b6 8. Bg5 {[%emt 0:06:25] The position is equal.} Bb7 9. f3 e6 10. Be2 Be7 11. Qd2 O-O 12. O-O Rc8 13. Rfd1 Ne5 14. Nb3 Rc6 15. Kh1 Qc8 16. Qe1 Nc4 17. Bxc4 Rxc4 18. Rd3 h6 19. Bh4 Qc7 20. Rad1 Rd8 ({Better is} 20... Rc6 $11) 21. Nd2 $14 Rc6 22. Nb3 Rc4 23. Nd2 (23. Nd4 $11) 23... Rc6 24. Nb3 {[%emt 0:00:04] Weighted Error Value: White=0.06 (flawless) /Black=0.07 (flawless) .  Mistake:       	White=2     	Black=1      Inaccurate:     	White=1     	---        OK:         	White=8     	Black=6      Best:        	White=1     	Black=1} (24. Nf1 $14) 1/2-1/2

[Event "III Menorca Open-A 2024"]
[Site "Ciutadella Menorca"]
[Date "2024.04.04"]
[Round "4.13"]
[White "Aryan Chopra"]
[Black "Girel, Joseph"]
[Result "1-0"]
[ECO "D77"]
[WhiteElo "2630"]
[BlackElo "2479"]
[Annotator "TA"]
[PlyCount "101"]
[EventDate "2024.04.02"]
[EventType "swiss"]
[EventCountry "ESP"]
[SourceTitle "playchess.com"]
[Source "ChessBase"]
[SourceQuality "1"]
[TimeControl "5400+30"]

1. d4 Nf6 2. Nf3 d5 3. g3 g6 4. Bg2 Bg7 5. O-O O-O 6. c4 dxc4 7. Na3 c5 {[%emt 0:00:29] is the new trend.} 8. Nxc4 Be6 9. b3 cxd4 {[%emt 0:11:16] D77: Fianchetto Grünfeld: 6 0-0: Replies other than 6...c6.} 10. Nxd4 Bd5 11. Bb2 Bxg2 12. Kxg2 Qd5+ 13. f3 Nc6 $146 ({Predecessor:} 13... Rd8 14. e4 Qc5 15. Ne6 Rxd1 16. Nxc5 Rxa1 17. Rxa1 b6 18. Rd1 Nc6 19. Na6 Rd8 20. Rxd8+ Nxd8 {½-½ Gouloutis,N (2353)-Skaperdas,K (2231) GRE-ch 68th Thessaloniki 2018 (5)}) 14. e4 Qc5 15. Nxc6 Qxc6 16. Qe2 Rfd8 17. Rac1 Qe6 18. Rfd1 h5 19. h4 Rxd1 20. Rxd1 Rc8 21. Bd4 b5 22. Ne3 a6 $1 23. Bb2 Nd7 24. Ba3 Nb6 25. Bb4 Bc3 26. Bxc3 Rxc3 27. Rd8+ Kh7 (27... Kg7 {feels hotter.} 28. Qd2 Qf6 29. f4 Rc6) 28. Qd2 Rc8 29. Kf2 Rxd8 30. Qxd8 Kg7 31. Nc2 Nd7 32. Qc7 Nf6 33. Nd4 Qh3 (33... Qd7 {simplifies} 34. Qxd7 Nxd7 35. Nc6 e5) 34. Ne2 Qd7 35. Qxd7 Nxd7 36. Nf4 e6 37. Ke3 Kf6 38. Nd3 e5 39. Nb4 Nb8 (39... Nc5 $11 {keeps the balance.}) 40. Nd5+ Ke6 41. g4 $1 f5 $2 (41... f6 $16) 42. gxf5+ $2 (42. Nc7+ $1 $18 Kf6 43. exf5) 42... gxf5 $14 43. f4 exf4+ $2 (43... Nc6 $14) 44. Kxf4 $18 ({Less strong is} 44. Nxf4+ Ke5 45. Nd3+ (45. Nxh5 Nc6 $16) (45. exf5 Kxf5 46. Nxh5 Kg4 $16) 45... Kf6 46. e5+ Kf7 $18) 44... fxe4 45. Kxe4 Nc6 $2 {[%emt 0:00:29] [#]} (45... Kf7 46. Kd4 Nc6+ 47. Kc5 Ne5) 46. Nc7+ $1 $18 Kd6 47. Nxa6 Ne5 {[%emt 0:00:10] [#]} 48. Kf4 $1 (48. Nc7 Ng6 49. Nd5 (49. Nxb5+ Kc5 $11) 49... Nxh4 $16) 48... Nd3+ 49. Kg5 Nc1 50. Kxh5 Nxa2 51. Kg6 1-0

[Event "III Menorca Open-A 2024"]
[Site "Ciutadella Menorca"]
[Date "2024.04.04"]
[Round "4.14"]
[White "Chigaev, Maksim"]
[Black "Macias Pino, Diego"]
[Result "1-0"]
[ECO "A09"]
[WhiteElo "2617"]
[BlackElo "2478"]
[Annotator "TA"]
[PlyCount "45"]
[EventDate "2024.04.02"]
[EventType "swiss"]
[EventCountry "ESP"]
[SourceTitle "playchess.com"]
[Source "ChessBase"]
[SourceQuality "1"]
[TimeControl "5400+30"]

1. Nf3 d5 2. e3 Nf6 3. c4 dxc4 4. Bxc4 e6 5. O-O a6 6. b3 Be7 7. Bb2 c5 8. d4 {[%emt 0:00:22] The position is equal.} Nc6 9. dxc5 Bxc5 10. Qxd8+ Kxd8 11. Be2 Ke7 12. Nbd2 b6 13. Ng5 Bb7 14. Nge4 {[%emt 0:03:52] White is more active.} (14. Nde4 {looks sharper.} Nb4 15. Nxc5 bxc5 16. Rfc1) 14... Nxe4 (14... Rhd8 $14) 15. Nxe4 $16 Nb4 16. Nxc5 bxc5 17. a3 (17. Bxg7 $2 Rhg8 18. g3 Rxg7 $19) 17... Rhd8 (17... Nd5 $16 {keeps fighting.} 18. Rfc1 (18. Bxg7 Rhg8 $17) 18... Rhc8 19. Bxg7 a5) 18. axb4 $18 {[%emt 0:02:33] White has a decisive advantage.} Rd2 {[%emt 0:00:21] [#]} 19. Bf3 $1 (19. Bxg7 Rxe2 20. Rfc1 (20. bxc5 Rg8 $16) 20... Rg8 21. Rxc5 Rxg7 22. Rc7+ Kf6 23. Rxb7 Rg5 $11) 19... Bxf3 {[%emt 0:00:15] [#]} 20. Bc1 ({Stronger than} 20. Bxg7 Rg8 21. gxf3 Rxg7+ 22. Kh1 cxb4 23. Rxa6 Rb2 $11) ({Weaker is} 20. gxf3 Rxb2 21. bxc5 Rxb3 $11) 20... Rd3 21. gxf3 cxb4 22. Rb1 e5 23. e4 {[%emt 0:01:42] Weighted Error Value: White=0.05 (flawless) /Black=0.26 (precise) .  Mistake:       	---       	Black=2      Inaccurate:     	---       	Black=1      OK:         	White=8     	Black=4      Best:        	White=2     	Black=1      Strong:       	White=1     	---} 1-0

[Event "III Menorca Open-A 2024"]
[Site "Ciutadella Menorca"]
[Date "2024.04.04"]
[Round "4.15"]
[White "Castellanos Rodriguez, Renier"]
[Black "Karthik Venkataraman"]
[Result "1/2-1/2"]
[ECO "B90"]
[WhiteElo "2467"]
[BlackElo "2609"]
[Annotator "TA"]
[PlyCount "106"]
[EventDate "2024.04.02"]
[EventType "swiss"]
[EventCountry "ESP"]
[SourceTitle "playchess.com"]
[Source "ChessBase"]
[SourceQuality "1"]
[TimeControl "5400+30"]

1. e4 c5 2. Nf3 d6 3. d4 cxd4 4. Nxd4 Nf6 5. Nc3 a6 6. Be3 e5 7. Nb3 Be6 8. Qd2 Be7 9. f3 O-O 10. O-O-O Nbd7 11. g4 b5 12. Rg1 {[%emt 0:03:05] B90: Sicilian Najdorf: Unusual White 6th moves, 6 Be3 Ng4 and 6 Be3 e5.} Nb6 13. g5 Nh5 14. Na5 Rc8 15. Nd5 Nxd5 16. exd5 Bxd5 17. Qxd5 Qxa5 18. Bd3 g6 19. h4 $146 ({Predecessor:} 19. Kb1 Qc7 20. Rg4 Kh8 21. a4 f5 22. Rb4 f4 23. Bf2 Bxg5 24. axb5 axb5 25. Rxb5 Nf6 26. Qb3 Rb8 27. c4 Bh6 28. h4 Bg7 {½-½ Zilka,S (2602)-Nayhebaver,M (2517) SVK-chT 2223 2022 (4.1)}) 19... Rfe8 20. Rg4 Bf8 21. Qb3 d5 22. Qxd5 Red8 23. Qb3 Bc5 24. Bd2 Qc7 25. Re4 $2 (25. Kb1 $11 {and White is okay.}) 25... Ng3 $19 26. Rg4 Nh5 (26... Bf2 $19 {And now ...Qb7 would win.} 27. Kb1 Qc6) 27. Re4 $15 Bf2 28. Kb1 (28. Be1 $15 Bxe1 29. Rexe1) 28... Rd4 $2 (28... Ng3 $19 29. Rb4 Qc6) 29. Rxd4 $11 exd4 30. a4 Rb8 31. axb5 axb5 32. Be4 ({Don't play} 32. Bxb5 Qe5 (32... Bxh4 33. Qd5 $11) 33. c4 Nf4 $15 (33... Bxh4 34. Qd3 $11) (33... dxc3 34. Bxc3 Qf5+ 35. Qc2 $14)) (32. Rf1 $11 {keeps the balance.} Be3 33. Bb4) 32... Bxh4 $17 33. Qd5 {[%emt 0:01:27] [#]} (33. Bd5 $15) 33... Nf4 $1 $17 34. Bxf4 Qxf4 35. Rg1 Qe3 36. Rg4 Bg3 37. Ka2 Bf4 38. Bd3 Qd2 (38... Re8 $142 39. Bxb5 Re7) 39. Be4 (39. Qxd4 $142 Bxg5 40. Qe5 Ra8+ 41. Kb3) 39... Qa5+ $17 40. Kb1 Qe1+ 41. Ka2 Qa5+ 42. Kb1 Rd8 43. Qc6 (43. Qb7 $17 {keeps fighting.}) 43... Qe1+ 44. Ka2 Qa5+ 45. Kb1 Be3 (45... Qd2 $19 {Hoping for ...d3.} 46. Rg1 Qe3 (46... Bxg5 $2 47. Qxb5 Bf6 48. Rh1 $19)) 46. Bd5 $1 $15 {[%emt 0:01:07] [#]} Qe1+ (46... Qa7 $1 $17 47. Qxb5 Rb8) 47. Ka2 $11 Qa5+ ({Better is} 47... Rf8 $11) 48. Kb1 $15 Rf8 (48... Qa7 $1 $15 49. Qxb5 Rb8) 49. Bxf7+ $11 Rxf7 50. Qe8+ Rf8 51. Qe6+ Rf7 52. Qe8+ Kg7 53. Qe5+ Kg8 1/2-1/2

[Event "III Menorca Open-A 2024"]
[Site "Ciutadella Menorca"]
[Date "2024.04.04"]
[Round "4.16"]
[White "Yuffa, Daniil"]
[Black "Koelle, Tobias"]
[Result "1/2-1/2"]
[ECO "A23"]
[WhiteElo "2606"]
[BlackElo "2467"]
[Annotator "TA"]
[PlyCount "95"]
[EventDate "2024.04.02"]
[EventType "swiss"]
[EventCountry "ESP"]
[SourceTitle "playchess.com"]
[Source "ChessBase"]
[SourceQuality "1"]
[TimeControl "5400+30"]

1. c4 e5 2. g3 c6 3. Nf3 e4 4. Nd4 d5 5. cxd5 Nf6 6. Nc3 Qb6 7. Nb3 a5 {[%emt 0:00:11][%cal Ba7a5,Ba5a4][%mdl 32] ...a4 would now be deadly.} 8. d3 $1 a4 9. Nd2 exd3 {[%emt 0:01:23] White is slightly better.} 10. Bg2 (10. Nc4 $1 $14 Qa6 11. Qxd3 Nxd5 12. e4) 10... cxd5 $11 11. O-O Be6 (11... Bg4 $11 12. h3 dxe2 13. Nxe2 Be6) 12. exd3 (12. Nxa4 $2 Qa6 13. Nc3 d4 14. exd3 dxc3 15. bxc3 Qxd3 16. Bxb7 Ra7 $19 (16... Rxa2 17. Rxa2 Bxa2 18. Qa4+ Qd7 19. Qa8 $14) (16... Qxc3 17. Bxa8 Qxa1 18. Qa4+ Nfd7 19. Nb3 $15)) 12... Bb4 13. a3 Bxc3 14. bxc3 O-O 15. Nf3 Nc6 {[%emt 0:03:06] Repels Nd4} 16. Be3 Qa5 17. Qd2 Nd7 18. Nd4 Nxd4 ({Black should try} 18... Nc5 $14) 19. Bxd4 $16 Rac8 20. Rab1 Nc5 21. Qe3 Qc7 (21... Nb3 $2 22. Rxb3 axb3 23. Qe5 $18) 22. Rb4 Nb3 23. Be5 {[%emt 0:02:27] A strong pair of Bishops.} Qd7 {[%emt 0:02:11] [#]} 24. c4 {[%emt 0:03:15] White has more active pieces.} f6 25. Bb2 Rfe8 26. Qa7 Rc7 (26... Ra8 $11 27. Qxb7 Qxb7 28. Rxb7 dxc4) 27. cxd5 $18 (27. Qxa4 Qxa4 28. Rxa4 dxc4 29. dxc4 Rd8) 27... Bf7 28. Qxa4 (28. Rb6 $142 $1 {And now d6 would win.} Rf8 (28... Bxd5 $2 29. Bxd5+ Kh8 30. Rxb7 $18) 29. d6) 28... Qxa4 $16 29. Rxa4 Rc2 {[%emt 0:00:49] [#]} 30. Ba1 (30. Bd4 $1 $16 {[%cal Rd4b6] Black must now prevent Bb6.} Nd2 31. Ra1) 30... Rd2 (30... Nd2 $1 $11 31. Rd1 Rec8) 31. Rb4 Rxd3 {[%emt 0:01:21] [#]} 32. Bb2 (32. Rxb7 Nd2 33. Rc1 Nb3 $11) (32. Be4 $1 $16 Rxe4 33. Rxe4) 32... Nd2 $11 33. Rc1 Nb3 34. Rf1 (34. Rb1 $5 Bg6 35. d6 $16 (35. Rxb7 Rd2 $11)) 34... Nd2 {[%emt 0:00:06] Against Be4} 35. Ra1 Nb3 {[%emt 0:03:19] Repels Rd4} 36. Bf1 Nxa1 37. Bxd3 {[%emt 0:00:02] Kf1 is the strong threat.} Bxd5 38. Bc3 (38. Bxa1 Re1+ 39. Bf1 Rxa1 $17) 38... Rc8 39. Rd4 Be6 40. Bb2 (40. Bxa1 Rc1+ 41. Kg2 Rxa1) 40... Nb3 41. Rd6 Nc5 42. Bc2 Kf7 43. h4 (43. Bxh7 $2 {loses.} Na4 44. Be4 (44. Bd4 $2 Ke7 $19) 44... Nxb2 $19) 43... Ke7 44. Rd2 h6 45. Bc3 Nb3 {[%emt 0:01:11] The position is equal.} 46. Bb4+ Kf7 47. Bxb3 Bxb3 48. f3 {[%emt 0:00:12] Weighted Error Value: White=0.18 (very precise) /Black=0.17 (very precise) .  Mistake:       	White=5     	Black=4      Inaccurate:     	White=2     	Black=3      OK:         	White=14    	Black=17     Best:        	White=3     	Black=5      Strong:       	White=1     	---} 1/2-1/2

[Event "III Menorca Open-A 2024"]
[Site "Ciutadella Menorca"]
[Date "2024.04.04"]
[Round "4.17"]
[White "Bilych, Olexiy"]
[Black "Albornoz Cabrera, Carlos Daniel"]
[Result "1/2-1/2"]
[ECO "B90"]
[WhiteElo "2451"]
[BlackElo "2603"]
[Annotator "TA"]
[PlyCount "73"]
[EventDate "2024.04.02"]
[EventType "swiss"]
[EventCountry "ESP"]
[SourceTitle "playchess.com"]
[Source "ChessBase"]
[SourceQuality "1"]
[TimeControl "5400+30"]

1. e4 c5 2. Nf3 d6 3. d4 cxd4 4. Nxd4 Nf6 5. Nc3 a6 6. Be3 e5 7. Nf3 Be7 8. Bc4 O-O 9. O-O Nc6 10. Bg5 Be6 11. Bb3 Nd7 12. Bxe7 Qxe7 13. Nd5 Qd8 14. Qe2 Na5 15. Rad1 Rc8 16. Ne3 {[%emt 0:06:55] [#] aiming for Bxe6.} Nxb3 17. axb3 Rc6 18. Rd2 Qe7 19. Rfd1 Nf6 20. Ng5 b5 21. c4 (21. Nxe6 $14 fxe6 22. Qd3) 21... Rb8 22. cxb5 axb5 23. Nxe6 fxe6 24. Ng4 Nd7 25. b4 h5 26. Ne3 Nf6 27. Nc2 d5 28. exd5 exd5 29. Nd4 Rcc8 30. Nxb5 Qxb4 31. Na3 d4 (31... Qf4 $15) 32. h3 {[%emt 0:00:48] The position is equal.} (32. Qxe5 $2 {perishes.} Qxd2 33. Rf1 Re8 $19 (33... Qxb2 $2 34. Nc4 $19)) 32... Rc5 33. Nc2 Qb5 ({But not} 33... Qxb2 34. Nxd4 Qb6 35. Nf5 $16) 34. Ne1 Qxe2 35. Rxe2 Rcb5 36. Nf3 Nd7 (36... Rxb2 37. Rxe5 Rb1 38. Ree1 Rxd1 39. Rxd1 $16) 37. Rde1 {[%emt 0:01:43] Weighted Error Value: White=0.09 (flawless) /Black=0.09 (flawless) .  Mistake:       	White=1     	Black=1      Inaccurate:     	White=3     	Black=2      OK:         	White=13    	Black=11} 1/2-1/2

[Event "III Menorca Open-A 2024"]
[Site "Ciutadella Menorca"]
[Date "2024.04.04"]
[Round "4.18"]
[White "Pranav Vijay"]
[Black "Seemann, Jakub"]
[Result "0-1"]
[ECO "B90"]
[WhiteElo "2252"]
[BlackElo "2465"]
[Annotator "TA"]
[PlyCount "84"]
[EventDate "2024.04.02"]
[EventType "swiss"]
[EventCountry "ESP"]
[SourceTitle "playchess.com"]
[Source "ChessBase"]
[SourceQuality "1"]
[TimeControl "5400+30"]

1. e4 c5 2. Nf3 d6 3. d4 cxd4 4. Nxd4 Nf6 5. Nc3 a6 6. h3 e5 7. Nf3 Be7 8. Be3 Qc7 9. g4 {[%emt 0:11:55] Strongly threatening g5. The position is equal.} h6 10. Rg1 Nbd7 11. a4 Nc5 12. Nd5 Nxd5 13. exd5 Bd7 14. c3 e4 15. Nd4 Bg5 (15... O-O $1 $15) 16. Bxg5 $11 hxg5 17. Rg3 (17. b4 Nd3+ 18. Kd2 Nf4 $15 (18... Nxf2 $2 19. Qe1 $16)) 17... O-O 18. a5 Rae8 19. Re3 Re5 20. c4 {[%emt 0:00:56] [#]} (20. b4 Nd3+ 21. Kd2 Rc8 $17 (21... Rxd5 22. Bxd3 exd3 23. Rxd3 $15) (21... Nxf2 22. Qe1 $15)) 20... b5 $1 21. cxb5 (21. axb6 Qxb6) 21... axb5 22. Nxb5 Qb8 $36 {[%emt 0:05:16][%mdl 2048] White is under strong pressure.} 23. Na3 Qa8 (23... Qxb2 $2 24. Rb1 Ba4 (24... Qa2 $2 25. Bc4 $18) 25. Rxb2 $18) (23... Qb7 $17 24. a6 Nxa6 (24... Qxd5 $2 25. Qxd5 Rxd5 26. a7 $18) 25. Bxa6 Qxa6) 24. Bc4 (24. Nc4 $1 $11 {keeps the balance.} Rxd5 25. Qb1) 24... Qxa5+ $17 25. Qd2 Qb6 {[%emt 0:00:54] Black is much more active.} 26. b4 Nd3+ 27. Bxd3 $2 {[%emt 0:02:43] Now White is beyond hope.} (27. Kf1 $17) 27... exd3 $19 28. Rxe5 $2 (28. Rc1 {was called for.}) 28... dxe5 29. Qxd3 Qxb4+ 30. Kf1 Ra8 {[%emt 0:00:57] And now ...Qb2 would win.} 31. Kg2 Qb2 {[%emt 0:00:11] Prevents Nc2} 32. Rb1 Rxa3 (32... Qxa3 $2 {perishes.} 33. Rb8+ $18) 33. Qe4 Re3 ({Stronger than} 33... Ra4 34. Qxa4 Qxb1 35. Qxd7 Qe4+ 36. Kh2 $11) 34. Qxe3 (34. Rxb2 $142 Rxe4 35. Rb8+ Kh7 36. Rb7) 34... Qxb1 35. Qxe5 f6 36. Qe7 Bb5 {[%emt 0:00:06] [#] ( -> ...Qf1+)} 37. Qe6+ Kh7 38. Kh2 Bd3 39. f3 Qc2+ 40. Kg3 Qc1 41. Kf2 {[%emt 0:00:36] Against Qg1+} Qd2+ 42. Kg3 Bf1 {[%emt 0:00:08] Weighted Error Value: White=0.69/Black=0.16 (very precise) .  Loses game:     	White=1     	---        Mistake:       	White=3     	Black=2      Inaccurate:     	White=2     	Black=1      OK:         	White=9     	Black=16     Best:        	White=3     	Black=3} 0-1

[Event "III Menorca Open-A 2024"]
[Site "Ciutadella Menorca"]
[Date "2024.04.04"]
[Round "4.19"]
[White "Jumabayev, Rinat"]
[Black "Agmanov, Zhandos"]
[Result "0-1"]
[ECO "B86"]
[WhiteElo "2598"]
[BlackElo "2458"]
[Annotator "TA"]
[PlyCount "76"]
[EventDate "2024.04.02"]
[EventType "swiss"]
[EventCountry "ESP"]
[SourceTitle "playchess.com"]
[Source "ChessBase"]
[SourceQuality "1"]
[TimeControl "5400+30"]

1. e4 c5 2. Nf3 d6 3. Nc3 Nf6 4. d4 cxd4 5. Nxd4 a6 6. Bc4 e6 7. Be3 b5 8. Bb3 Be7 9. Qf3 {[%emt 0:04:53][%cal Oe4e5] And now e5! would win.} Qc7 10. O-O-O b4 (10... Nbd7 $11) 11. Na4 {[%emt 0:08:46][%cal Oe4e5] aiming for e5! White is slightly better.} Bb7 {[%emt 0:11:35] [#]} (11... Nbd7 $11) 12. Nb6 $1 $14 Ra7 {[%emt 0:00:55][%cal Oe8g8] [#]} (12... Qxb6 $2 13. Nxe6 Qa5 14. Nxg7+ Kd7 15. Qf4 $18 (15. Bxf7 Kc7 $16)) (12... O-O 13. Nxa8) 13. Bxe6 $2 Bxe4 $1 $15 (13... Qxb6 14. Nf5 Qb5 15. Nxg7+ (15. Bxa7 fxe6 16. Nxd6+ Bxd6 $16) 15... Kf8 16. Nf5 (16. Bxa7 Bxe4 17. Qe3 Kxg7 $15) 16... fxe6 (16... Bxe4 $2 17. Nxd6 Qh5 18. Qxh5 $18) 17. Nxd6 $16) 14. Qe2 fxe6 ({Better is} 14... Qxb6 $15 15. f3 (15. Nf5 Qb7 $17) 15... Qb7 (15... fxe6 16. Nxe6 Qa5 17. Bxa7 $11)) 15. Nxe6 $14 Qc6 16. f3 $1 {[%emt 0:00:04][%mdl 1024] White has strong compensation.} (16. Nxg7+ $2 Kf7 17. Nh5 Rc7 $19 (17... Bxg2 18. Nxf6 Bf3 19. Qd3 $11) (17... Qxc2+ $2 18. Qxc2 Bxc2 19. Kxc2 $17)) 16... Bg6 17. Bd4 (17. Nc4 $1 $16 Rd7 18. Bf4) 17... Kf7 $15 {[%emt 0:14:06] ...Re8 would now be deadly.} 18. Ng5+ Kf8 $1 19. Rhe1 h6 (19... Rb7 $5) 20. Ne6+ (20. Nc8 $11 Qxc8 21. Bxa7) 20... Kg8 $1 $17 21. Nd5 $2 {[%emt 0:07:38] [#]} Nxd5 $1 $19 22. Bxa7 {[%emt 0:00:01][%cal Oc1b1] [#]} Kh7 $1 {[%emt 0:00:52] White must now prevent ...Rc8.} 23. f4 Rc8 24. Nd4 (24. f5 {nothing else works.} Bh5 (24... Bxf5 $2 25. Nd4 $19) 25. g4) 24... Qb7 $2 (24... Qa4 25. Kb1 Nc6 (25... Nxf4 26. Qxe7 Rxc2 27. Nxc2 $16)) 25. Bxb8 Rxb8 26. Qf3 Nf6 (26... Bh4 $142 27. Rf1 Rc8) 27. f5 Bh5 28. Qxb7 Rxb7 29. Rd3 Ng4 {[%emt 0:00:11][%cal Oe7h4] Strongly threatening ...Bh4!} 30. Nc6 (30. Nf3 $17) 30... Bg5+ (30... Bh4 $19 31. Re6 Rb5 (31... Nxh2 32. Rh3 $15) 32. Rexd6 Bg5+ (32... Rxf5 $2 33. b3 $19) (32... Nxh2 33. R3d5 $17) 33. Kb1 Rxf5) 31. Kb1 $17 {[%emt 0:00:01] [#]} Rb6 $1 $36 {[%emt 0:00:09][%mdl 2048] Black is really pushing.} (31... Nxh2 32. Rh3 Bg4 33. Rxh2 Bxf5 34. Nd4 $11) 32. Rxd6 (32. Nd4 $17) 32... Ne3 $1 $19 (32... Nxh2 33. Ree6) 33. h4 (33. Re6 $142 Nxg2 34. Nd4) 33... Nxf5 (33... Nxg2 34. hxg5 hxg5 (34... Nxe1 35. g6+ Bxg6 36. fxg6+ Kh8 37. Rd8#) 35. Re5 $18 (35. Re7 Nh4 $18)) 34. Rde6 Nxh4 35. g3 $2 (35. Nd4 Rxe6 (35... Nxg2 $2 36. Rxb6 Nxe1 37. Ne6 $19) 36. Nxe6 Nxg2 37. Re5) 35... Nf3 {[%emt 0:00:20] Black is clearly winning.} 36. Rh1 Bg4 37. Rd6 Nd2+ 38. Ka1 Bf3 {[%emt 0:00:08][%csl LRc6,LRh1] Weighted Error Value: White=0.83/Black=0.34.  Mistake:       	White=9     	Black=6      Inaccurate:     	White=2     	Black=2      OK:         	White=8     	Black=7      Best:        	White=3     	Black=3      Strong:       	White=1     	Black=6} 0-1